 Dungeon Crawl Stone Soup version 0.31-a0-431-g88bdf31460 (webtiles) character file.

Game seed: 15061879725477166087

103 Maxmaps the Ducker (level 4, -1/43 HPs)
             Began as an Octopode Shapeshifter on Aug 1, 2023.
             Slain by a gnoll
             ... wielding a +0 halberd
              (6 damage)
             ... on level 2 of the Dungeon.
             The game lasted 00:02:15 (1020 turns).

Maxmaps the Ducker (Octopode Shapeshifter)          Turns: 1020, Time: 00:02:15

Health: -1/43      AC: 22    Str: 14    XL:     4   Next: 79%
Magic:  4/4        EV:  2    Int: 12    God:
Gold:   142        SH:  0    Dex: 12    Spells: 3/3 levels left

rFire   . .          .
                       - Unarmed
rCold   . . .        (no shield)
rNeg    . . .        (helmet currently unavailable)
rPois   +            (no amulet)
rElec   .            (no ring)
rCorr   .            (no ring)
SInv    .            (no ring)
Will    .....        (no ring)
Stlth   ++           (no ring)
HPRegen 0.27/turn    (no ring)
MPRegen 0.09/turn    (no ring)
                     (no ring)

%: no passive effects
@: tree-form
A: stationary, stasis, torment immunity, boosted hp, almost no armour,
(amphibious), 8 rings, (camouflage 1), (gelatinous body 1), (nimble swimmer 1),
(tentacles)
a: no special abilities


You were on level 2 of the Dungeon.
You were a tree.
You visited 1 branch of the dungeon, and saw 2 of its levels.

You collected 142 gold pieces.

Inventory:

Talismans
 b - a beast talisman
Scrolls
 c - 3 scrolls of identify
 d - 2 scrolls of poison
 e - a scroll of silence {unknown}
 f - 2 scrolls of teleportation {unknown}
Potions
 g - a potion of curing {unknown}


   Skills:
 - Level 2.0 Fighting
 + Level 4.0 Dodging
 - Level 2.3 Stealth
 - Level 3.0 Unarmed Combat
 - Level 3.0 Shapeshifting


You had 3 spell levels left.
You didn't know any spells.
Your spell library was empty.

Dungeon Overview and Level Annotations

Branches:
Dungeon (2/15)

Altars:


Innate Abilities, Weirdness & Mutations

You are a tree.
Your roots penetrate the ground, keeping you stationary.
You cannot be teleported.
You are immune to unholy pain and torment.
Your maximum health is greatly increased.
You cannot wear most types of armour.
((You are amphibious.))
You can wear up to eight rings at the same time.
((Your skin changes colour to match your surroundings (Stealth+).))
((Your rubbery body absorbs attacks. (AC +1, EV +1)))
((You are camouflaged when in or above water. (Stealth+)))
((You have tentacles for arms and can constrict up to eight enemies at once.))


Message History

The adder bites you but does no damage.
The gnoll hits you but does no damage. x2
The adder bites you but does no damage.
You hit the adder.
The adder is almost dead.
The gnoll hits you but does no damage. x2
The adder bites you but does no damage.
You barely miss the adder.
The adder is almost dead.
The gnoll hits you but does no damage. x2
The adder bites you but does no damage.
You closely miss the gnoll. The adder bites you but does no damage.
The gnoll barely misses you. The gnoll hits you but does no damage.
You hit the gnoll.
The gnoll is moderately wounded.
The adder bites you but does no damage.
The gnoll hits you from afar with a +0 halberd.
The gnoll hits you but does no damage. The adder bites you but does no damage.
You hit the gnoll.
The gnoll is heavily wounded.
The gnoll hits you from afar with a +0 halberd.
* * * LOW HITPOINT WARNING * * *
The gnoll hits you but does no damage. The adder bites you but does no damage.
You barely miss the gnoll.
The gnoll is heavily wounded.
The adder bites you but does no damage.
The gnoll hits you but does no damage. x2
You smack the gnoll!
You kill the gnoll!
The adder bites you but does no damage. The gnoll barely misses you.
Your Dodging skill increases to level 4!
You cannot move.
You hit the adder.
The adder is almost dead.
The adder bites you but does no damage.
The gnoll hits you from afar with a +0 halberd!
* * * LOW HITPOINT WARNING * * *
The adder bites you but does no damage.
You closely miss the adder.
The adder is almost dead.
The gnoll hits you from afar with a +0 halberd.
You die...

## .. .# ###.# #..
g.. # #.# #)# .#
#.# #♣# .S #.#
#S#.# ###.#
#######..#
##...###........#
#PP.PP##.#####..#
#P.......### #.#.#
#P...P.........##..
#....P.#########
#.# #..P...# .#


You could see a gnoll and an adder.

Vanquished Creatures
  Terence (D:2)
  2 gnolls (D:2)
  2 adders (D:2)
  A dart slug (D:1)
  8 endoplasms
  5 goblins
  2 hobgoblins (D:1)
  3 jackals (D:2)
  2 quokkas
  3 ball pythons (D:1)
  4 bats (D:1)
  2 frilled lizards
  3 kobolds (D:1)
  A rat (D:1)
39 creatures vanquished.

Notes
Turn   | Place    | Note
-------+----------+-------------------------------------------
     0 | D:1      | Maxmaps the Octopode Shapeshifter began the quest for the
                  | Orb.
     0 | D:1      | Reached XP level 1. HP: 13/13 MP: 1/1
   108 | D:1      | Reached XP level 2. HP: 19/19 MP: 2/2
   186 | D:1      | Reached skill level 1 in Stealth
   340 | D:1      | Found a faded altar of an unknown god.
   601 | D:1      | Reached XP level 3. HP: 19/24 MP: 3/3
   921 | D:2      | Reached skill level 3 in Dodging
   922 | D:2      | Reached XP level 4. HP: 27/29 MP: 4/4
   922 | D:2      | Noticed Terence
   931 | D:2      | Killed Terence
  1019 | D:2      | Reached skill level 4 in Dodging
  1020 | D:2      | Slain by a gnoll

Illustrated notes

Levels and vault maps discovered:
D:1:      lemuel_arrival_hallway, layout_basic,
          hellmonk_ecumenical_altar_crossroads, minmay_misc_feat_chi
D:2:      layout_loops_ring, minmay_gold_behind_fungi, uniq_terence

Skill      XL: |  1  2  3  4 |
---------------+-------------+-----
Fighting       | 2 |  2.0
Stealth        | 2 |  2.3
Dodging        | 3 4 |  4.0
Unarmed Combat | |  3.0
Shapeshifting  | |  3.0

Action                     |  1- 3 |  4- 6 || total
---------------------------+-------+-------++-------
  Melee: Unarmed           |    70 |    21 ||    91
         Constrict         |    16 |     2 ||    18
         Tentacles         |     7 |     3 ||    10
         Punch             |     1 |       ||     1
    Use: Scroll            |     1 |       ||     1
         Potion            |       |     1 ||     1
   Stab: Sleeping          |    12 |       ||    12
         Distracted        |     2 |       ||     2
 Armour: Skin              |     2 |    31 ||    33
  Dodge: Dodged            |    43 |    10 ||    53

Table legend: (Time is in decaauts)
 A = Elapsed time spent in this place.
 B = Non-inter-level travel time spent in this place.
 C = Inter-level travel time spent in this place.
 D = Time resting spent in this place.
 E = Time spent auto-exploring this place.
 F = Levels seen in this place.
 G = Mean time per level.
                   A        B        C        D        E       F      G
               +--------+--------+--------+--------+--------+-----+--------+
         Total |   1014 |    999 |     15 |      0 |    788 |   2 |  507.0 |
       Dungeon |   1014 |    999 |     15 |      0 |    788 |   2 |  507.0 |
               +--------+--------+--------+--------+--------+-----+--------+

Top non-repeatable levels by time:
     D:1: 697 daAuts
     D:2: 317 daAuts
